 Dungeon Crawl Stone Soup version 0.30-a0-381-g6ea064c7b4 (webtiles) character file.

Game seed: 4154934827870113702

235 PyroL the Grave Robber (level 5, -10/35 HPs)
             Began as a Demonspawn Necromancer on Dec 1, 2022.
             Shot with an arrow by a centaur (12 damage)
             ... on level 4 of the Dungeon.
             The game lasted 00:07:25 (3385 turns).

PyroL the Grave Robber (Demonspawn Necromancer)     Turns: 3385, Time: 00:07:26

Health: -10/35     AC:  3    Str:  8    XL:     5   Next: 76%
Magic:  11/11      EV: 12    Int: 18    God:
Gold:   120        SH:  0    Dex: 14    Spells: 4/12 levels left

rFire   . . .      SeeInvis .    j - +0 short sword (elec)
rCold   . . .      Faith    .    (no shield)
rNeg    . . .      Spirit   .    a - +0 robe
rPois   .          Reflect  .    (helmet restricted)
rElec   .          Harm     .    (no cloak)
rCorr   .          Rampage  .    (no gloves)
Will    .....                    i - +0 pair of boots
Stlth   ++........               (no amulet)
HPRegen 0.25/turn                (no ring)
MPRegen 0.12/turn                (no ring)

@: no status effects
A: antennae 1, demonic guardian 1
a: no special abilities


You were on level 4 of the Dungeon.
You visited 1 branch of the dungeon, and saw 4 of its levels.

You collected 120 gold pieces.

Inventory:

Hand Weapons
 e - a +1 dagger of venom
 j - a +0 short sword of electrocution (weapon)
Missiles
 p - 4 boomerangs
Armour
 a - a +0 robe (worn)
 i - a +0 pair of boots (worn)
Jewellery
 n - an amulet of the acrobat
Scrolls
 c - a scroll of summoning {unknown}
 g - a scroll of blinking
 h - 2 scrolls of immolation {unknown}
 m - a scroll of teleportation {unknown}
 o - a scroll of enchant armour {unknown}
 q - a scroll of amnesia {unknown}
 s - 2 scrolls of torment {unknown}
Potions
 b - 2 potions of magic
 d - 5 potions of curing {unknown}
 f - a potion of mutation {unknown}
 k - 2 potions of attraction {unknown}
 l - a potion of flight {unknown}
 r - a potion of lignification {unknown}
 t - a potion of might {unknown}
 u - a potion of heal wounds {unknown}
 v - a potion of berserk rage {unknown}


   Skills:
 - Level 1.7 Dodging
 - Level 1.7 Stealth
 + Level 4.2 Spellcasting
 + Level 6.3 Necromancy


You had 4 spell levels left.
You knew the following spells:

 Your Spells              Type           Power      Damage    Failure   Level
a - Necrotise             Necr           100%       1d9       1%          1
b - Vampiric Draining     Necr           26%        2d7       3%          3
c - Animate Dead          Necr           26%        N/A       11%         4

Your spell library contained the following spells:

 Spells                   Type           Power      Damage    Failure   Level
 Hailstorm                Conj/Ice       3%         3d3       41%         3
 Ice Form                 Ice/Tmut       3%         N/A       82%         4
 Agony                    Necr           26%        N/A       30%         5
 Simulacrum               Ice/Necr       7%         N/A       99%         6


Dungeon Overview and Level Annotations

Branches:
Dungeon (4/15)             Temple (0/1) D:4

Altars:


Innate Abilities, Weirdness & Mutations

You have a pair of small antennae on your head.
A weak demonic guardian rushes to your aid.


Message History

The dead are slithering!
You feel sick.
A centaur comes into view. It is wielding a +0 short sword.
You feel sick.
Blink to where?
Press: ? - help, Dir - move target
As you read the scroll labelled USUMASAE VIOL, it crumbles to dust.
It was a scroll of blinking.
You feel sick.
Okay, then.
You feel sick.
The centaur unwields a +0 short sword.
The centaur wields a +0 shortbow.
The centaur shoots an arrow.
The arrow barely misses you.
You feel sick.
The centaur shoots an arrow.
The arrow completely misses you.
You feel sick.
You are no longer poisoned.
The centaur shoots an arrow.
The arrow hits you.
The centaur shoots an arrow.
The arrow misses you.
The centaur shoots an arrow.
The arrow completely misses you.
Throw: 4 boomerangs
Press: ? - help, Shift-Dir - straight line, f - centaur
Aim: a centaur, wielding a +0 shortbow, wearing a ring of wizardry and quivering stones (69% to hit)
You throw a boomerang.
The boomerang hits the centaur but does no damage.
The centaur shoots an arrow.
The arrow hits you!
* * * LOW HITPOINT WARNING * * *
A demonic guardian appears!
Casting: Necrotise (safe; 1% risk of failure)
Confirm with . or Enter, or press ? or * to list all spells.
Okay, then.
The centaur shoots an arrow.
The arrow closely misses you.
Your adder skeleton bites the centaur but does no damage.
The centaur shoots an arrow.
The arrow hits your shadow imp.
Your adder skeleton bites the centaur but does no damage.
Your shadow imp completely misses the centaur.
The centaur shoots an arrow.
The arrow hits your shadow imp!
Your shadow imp dies!
Your shadow imp disappears in a puff of smoke!
The centaur shoots an arrow.
The arrow hits you!
* * * LOW HITPOINT WARNING * * *
The centaur shoots an arrow.
The arrow hits you!
You die...

......# #.......# #.#.# ##
......# #.......# #.#.# # ......#
#.......# #.#.# # ......#
#.......#######.#.#
......###÷................#
........................).#....#
......##########..........#....##
......'........................#.
......##########@..............#.
.....## #.............###. .....#
#......§......# #. .....#
#.....§.Z.....###. .....#
#.....§§c.....#... .....#
##########....#... .....#
#....#... .....# ##....#...
.....# #.........


You could see a centaur (ally target) and a friendly adder skeleton.

Vanquished Creatures
  A hound (D:4)
  A jelly (D:2)
  2 adders
  A worm (D:2)
  A dart slug (D:1)
  An orc (D:3)
  5 ball pythons
  8 endoplasms
  3 giant cockroaches
  7 goblins
  5 hobgoblins
  A jackal (D:1)
  4 quokkas
  8 bats
  4 frilled lizards
  10 kobolds
  A rat (D:1)
63 creatures vanquished.

Vanquished Creatures (collateral kills)
  A howler monkey (D:4)
  A jelly (D:2)
  A ball python (D:1)
  5 endoplasms
  A hobgoblin (D:1)
  A jackal (D:1)
  A kobold (D:2)
  A frilled lizard (D:1)
12 creatures vanquished.

Vanquished Creatures (others)
  2 fungi (D:2)
  9 toadstools (D:2)
11 creatures vanquished.

Grand Total: 86 creatures vanquished

Notes
Turn   | Place    | Note
-------+----------+-------------------------------------------
     0 | D:1      | PyroL the Demonspawn Necromancer began the quest for the
                  | Orb.
     0 | D:1      | Reached XP level 1. HP: 13/13 MP: 3/3
   124 | D:1      | Gained mutation: A weak demonic guardian rushes to your
                  | aid. [demonic ancestry]
   124 | D:1      | Reached XP level 2. HP: 6/19 MP: 1/5
   799 | D:2      | Reached skill level 5 in Necromancy
   803 | D:2      | Discovered your monstrous ancestry.
   803 | D:2      | Gained mutation: You have a pair of small antennae on your
                  | head. [demonic ancestry]
   803 | D:2      | Reached XP level 3. HP: 24/24 MP: 4/7
  1634 | D:2      | Reached XP level 4. HP: 13/30 MP: 2/9
  1999 | D:3      | Reached XP level 5. HP: 35/35 MP: 8/10
  2431 | D:3      | Learned a level 3 spell: Vampiric Draining
  2436 | D:3      | Learned a level 4 spell: Animate Dead
  3056 | D:4      | Reached skill level 6 in Necromancy
  3359 | D:4      | Found a staircase to the Ecumenical Temple.
  3369 | D:4      | Noticed a centaur
  3385 | D:4      | Shot with an arrow by a centaur

Illustrated notes

Levels and vault maps discovered:
D:1:      mrwooster_arrival_statue_3, layout_rooms, minmay_misc_feat_five
D:2:      cheibrodos_fertilizer, layout_rooms
D:3:      layout_loops_corners, minmay_checkerbox
D:4:      layout_basic, minmay_temple_entry_sparse_star

Skill      XL: |  1  2  3  4  5 |
---------------+----------------+-----
Necromancy     | 5 6 |  6.3
Spellcasting   | 3 4 |  4.2
Dodging        | |  1.7
Stealth        | |  1.7

Action                   |  1- 3 |  4- 6 || total
-------------------------+-------+-------++-------
Melee: Unarmed           |    43 |       ||    43
       Dagger            |    29 |     7 ||    36
       Short sword       |     2 |    38 ||    40
       Punch             |       |     1 ||     1
Throw: Boomerang         |       |     1 ||     1
 Cast: Necrotise         |    70 |    27 ||    97
       Vampiric Draining |       |     2 ||     2
  Use: Scroll            |       |     1 ||     1
 Stab: Sleeping          |       |     2 ||     2
Armor: Robe              |    15 |    20 ||    35
Dodge: Dodged            |    61 |    43 ||   104

Table legend: (Time is in decaauts)
 A = Elapsed time spent in this place.
 B = Non-inter-level travel time spent in this place.
 C = Inter-level travel time spent in this place.
 D = Time resting spent in this place.
 E = Time spent auto-exploring this place.
 F = Levels seen in this place.
 G = Mean time per level.
                   A        B        C        D        E       F      G
               +--------+--------+--------+--------+--------+-----+--------+
         Total |   3382 |   3274 |    108 |    412 |   2335 |   4 |  845.5 |
       Dungeon |   3382 |   3274 |    108 |    412 |   2335 |   4 |  845.5 |
               +--------+--------+--------+--------+--------+-----+--------+

Top non-repeatable levels by time:
     D:2: 1031 daAuts
     D:3: 951 daAuts
     D:1: 748 daAuts
     D:4: 651 daAuts
